 Dungeon Sprint DCSS version 0.20-a0-923-g548304e (webtiles) character file.

10600000 M4edhros the Axe Maniac (level 27, -1/224 HPs)
             Began as an Octopode Artificer on Mar 25, 2017.
             Was the Champion of Makhleb.
             Killed by the air
             ... invoked by a tyrant
              (30 damage)
             ... in the Dungeon (Sprint VIII: "Arena of Blood").
             The game lasted 00:03:34 (106 turns).

M4edhros the Axe Maniac (Octopode Artificer)         Turns: 106, Time: 00:03:35

Health: -1/224     AC:  1    Str: 13    XL:     27
Magic:  38/54      EV: 36    Int: 16    God:    Makhleb [******]
Gold:   0          SH:  0    Dex: 21    Spells: 80/80 levels left

rFire    . . .     SeeInvis .   l - +∞ Axe of Woe
rCold    . . .     Gourm    .   (shield currently unavailable)
rNeg     . . .     Faith    .   (helmet restricted)
rPois    .         Spirit   .   (no amulet)
rElec    .         Reflect  .   (no ring)
rCorr    .         Harm     .   (no ring)
MR       ++...     NoTele   +   (no ring)
Stlth    ++++++++++             (no ring)
Regen    0.5/turn               (no ring)
MPRegen  0.4/turn               (no ring)
                                (no ring)
                                (no ring)

@: no status effects
A: almost no armour, stealthy swim, amphibious, 8 rings, constrict 8, camouflage
1, gelatinous body 1
a: Minor Destruction, Lesser Servant of Makhleb, Major Destruction, Greater
Servant of Makhleb, Renounce Religion


You were in the Dungeon.
You worshipped Makhleb.
Makhleb was exalted by your worship.
You were not hungry.

You visited 1 branch

Inventory:

Hand Weapons
 a - a +0 short sword
 l - the +∞ Axe of Woe (weapon)
   (You found it in the Dungeon)
Wands
 b - a wand of flame (15/48)
 c - a wand of enslavement (15/24)
 d - a wand of random effects (15/48)
Scrolls
 k - a scroll of blinking
Potions
 e - a potion of curing
 g - a potion of heal wounds
 h - a potion of haste
 i - 2 potions of magic
 j - a potion of berserk rage
Comestibles
 f - a bread ration


   Skills:
 O Level 27 Fighting
 O Level 27 Short Blades
 O Level 27 Axes
 O Level 27 Throwing
 O Level 27 Dodging
 O Level 27 Stealth
 O Level 27 Unarmed Combat
 O Level 27 Spellcasting
 O Level 27 Invocations
 O Level 27 Evocations


You had 80 spell levels left.
You didn't know any spells.

Dungeon Overview and Level Annotations

Branches:
Dungeon (1/1)

Altars:
Makhleb


Innate Abilities, Weirdness & Mutations

You cannot wear most types of armour.
You are very stealthy in the water. (Stealth+)
You are amphibious.
You can wear up to eight rings at the same time.
You can use your tentacles to constrict eight enemies at once.
Your skin changes colour to match your surroundings (Stealth+).
Your rubbery body absorbs attacks. (AC +1, EV +1)


Message History

The meat berserker convulses!
The bag of meat convulses! x2
Your body is wracked with pain!
* * * LOW HITPOINT WARNING * * *
The bag of meat convulses!
The meat beast bites you!
* * * LOW HITPOINT WARNING * * *
The meat beast tramples you.
* * * LOW HITPOINT WARNING * * *
You stumble backwards!
A tyrant comes into view.
Unknown command.
Unknown command.
You slash the meat beast!
You butcher the meat beast messily.
You kill the meat beast!
Makhleb accepts your kill.
You feel better.
You are engulfed in blazing flames.
* * * LOW HITPOINT WARNING * * *
You hear a shout!
The tyrant waves its bony arms in wide circles.
The air twists around and strikes you!
You die...

..#....... #o......#
.....#.... #..LW...# .
..#X.X...###o.o....###..
.D.oD.DoX.W..o###.z.....
.§.M..#§§ooM2o)_§§z.....
...X#Lz§)§OO#.).§§#.....
#.o...§§o)2#Doo.§# ...
....#oOo))))#)))).#.. .
....o.#).@))).._........
...%...%.§%§..###.......
.....V..o###..%....###..
.....%XX.. #.......# .
...%X...X. #..%.%..#
..#{....X.o.....%...
#.#.#L..............
.#.#...............


You could see 2 accurseds, a tentacled monstrosity, a meat beast, 3 tyrants, a
reaper, 2 eight-headed meat hydras, a destroyer, a sculptor of flesh, a large
bag of meat (inner flame), 8 large abominations, 2 dreads, 2 meat berserkers and
12 bags of meat.

Vanquished Creatures
  Sigmund (D)
  10 hell beasts (D)
  A greater mummy (D)
  3 great orbs of eyes (D)
  3 wraiths (D)
  14 vampire knights (D)
  34 ogres (D)
  6 two-headed ogres (D)
  3 liches (D)
  A hydra (D)
  62 orcs (D)
  5 skeletal warriors (D)
  10 large abominations (D)
  6 small abominations (D)
  18 crawling corpses (D)
177 creatures vanquished.

Vanquished Creatures (others)
  An ogre (D)
  A two-headed ogre (D)
  2 hydras (D)
  2 orcs (D)
  4 crawling corpses (D)
10 creatures vanquished.

Grand Total: 187 creatures vanquished

Notes
Turn   | Place    | Note
-------+----------+-------------------------------------------
     0 | D        | M4edhros the Octopode Artificer began the quest for the Orb.
     0 | D        | Reached XP level 1. HP: 13/13 MP: 3/3
     2 | D        | Noticed a bag of meat
     3 | D        | Noticed a bag of meat
     3 | D        | Became a worshipper of Makhleb the Destroyer
     5 | D        | Noticed a bag of meat
     7 | D        | Noticed a bag of meat
     8 | D        | Killed a bag of meat
     8 | D        | Reached XP level 2. HP: 18/18 MP: 4/4
     8 | D        | Reached XP level 3. HP: 23/23 MP: 5/5
     8 | D        | Reached XP level 4. HP: 28/28 MP: 6/6
     8 | D        | Reached XP level 5. HP: 33/33 MP: 7/7
     8 | D        | Reached XP level 6. HP: 38/38 MP: 8/8
     8 | D        | Reached XP level 7. HP: 43/43 MP: 9/9
     8 | D        | Reached XP level 8. HP: 48/48 MP: 10/10
     8 | D        | Reached XP level 9. HP: 53/53 MP: 11/11
     8 | D        | Reached XP level 10. HP: 58/58 MP: 12/12
     8 | D        | Reached XP level 11. HP: 63/63 MP: 13/13
     8 | D        | Reached XP level 12. HP: 68/68 MP: 14/14
     9 | D        | Noticed a meat berserker
     9 | D        | Noticed a bag of meat
     9 | D        | Killed a bag of meat
     9 | D        | Reached * piety under Makhleb
     9 | D        | Reached skill level 27 in Axes
     9 | D        | Reached XP level 13. HP: 91/101 MP: 15/15
     9 | D        | Killed a bag of meat
     9 | D        | Reached XP level 14. HP: 121/121 MP: 16/16
    10 | D        | Noticed a bag of meat
    11 | D        | Noticed a bag of meat
    13 | D        | Noticed a bag of meat
    13 | D        | Killed a meat berserker
    13 | D        | Reached XP level 15. HP: 142/142 MP: 17/17
    13 | D        | Reached ** piety under Makhleb
    13 | D        | Reached skill level 27 in Fighting
    15 | D        | Noticed a meat berserker
    16 | D        | Reached XP level 16. HP: 150/150 MP: 18/18
    18 | D        | Reached *** piety under Makhleb
    20 | D        | Reached skill level 27 in Dodging
    20 | D        | Reached XP level 17. HP: 156/156 MP: 18/20
    21 | D        | Noticed a meat berserker
    21 | D        | Killed a meat berserker
    23 | D        | Noticed a destroyer
    23 | D        | Noticed a large bag of meat
    23 | D        | Reached **** piety under Makhleb
    23 | D        | Reached XP level 18. HP: 163/163 MP: 18/34
    23 | D        | Reached skill level 27 in Invocations
    24 | D        | Noticed a meat berserker
    25 | D        | Noticed a destroyer
    26 | D        | Killed a meat berserker
    26 | D        | Reached skill level 27 in Evocations
    26 | D        | Reached XP level 19. HP: 170/170 MP: 19/36
    26 | D        | Reached ***** piety under Makhleb
    27 | D        | Reached skill level 27 in Stealth
    28 | D        | Killed a destroyer
    28 | D        | Reached XP level 20. HP: 177/177 MP: 19/37
    30 | D        | Noticed a large bag of meat
    30 | D        | Killed a meat berserker
    30 | D        | Reached skill level 27 in Throwing
    30 | D        | Reached skill level 15 in Unarmed Combat
    31 | D        | Noticed an eight-headed meat hydra
    31 | D        | Reached XP level 21. HP: 183/183 MP: 19/38
    32 | D        | Reached ****** piety under Makhleb
    33 | D        | Noticed a large bag of meat
    33 | D        | Killed a large bag of meat
    33 | D        | Reached skill level 27 in Unarmed Combat
    34 | D        | Reached skill level 15 in Spellcasting
    34 | D        | Killed a destroyer
    34 | D        | Reached XP level 22. HP: 190/190 MP: 20/50
    36 | D        | Noticed a destroyer
    37 | D        | Noticed a destroyer
    39 | D        | Noticed a destroyer
    40 | D        | Killed a large bag of meat
    42 | D        | Reached skill level 27 in Spellcasting
    42 | D        | Reached skill level 10 in Short Blades
    44 | D        | Killed a destroyer
    44 | D        | Reached XP level 23. HP: 154/197 MP: 23/54
    45 | D        | Killed a destroyer
    45 | D        | Reached skill level 27 in Short Blades
    47 | D        | Killed a large bag of meat
    49 | D        | Killed a destroyer
    49 | D        | Reached XP level 24. HP: 145/204 MP: 24/54
    51 | D        | Noticed a destroyer
    53 | D        | Noticed a tyrant
    54 | D        | Reached XP level 25. HP: 210/210 MP: 25/54
    55 | D        | Noticed a large bag of meat
    55 | D        | Noticed a tyrant
    57 | D        | Noticed a destroyer
    60 | D        | Killed a tyrant
    60 | D        | Reached XP level 26. HP: 172/217 MP: 27/54
    61 | D        | Killed a destroyer
    62 | D        | Noticed The Captor
    62 | D        | Killed a destroyer
    62 | D        | Reached XP level 27. HP: 224/224 MP: 27/54
    63 | D        | Noticed a destroyer
    64 | D        | Noticed a meat beast
    64 | D        | Noticed a tyrant
    65 | D        | Noticed a dread
    67 | D        | Noticed a meat beast
    67 | D        | Noticed a destroyer
    67 | D        | Killed a meat beast
    69 | D        | Noticed a meat beast
    70 | D        | Killed a large bag of meat
    70 | D        | Killed a meat beast
    71 | D        | Killed The Captor
    72 | D        | Noticed a large bag of meat
    72 | D        | Noticed a large bag of meat
    72 | D        | Killed a meat beast
    72 | D        | Killed a dread
    73 | D        | Killed a destroyer
    74 | D        | Killed a destroyer
    74 | D        | Killed a tyrant
    76 | D        | Noticed a destroyer
    76 | D        | Noticed an accursed
    76 | D        | Killed a tyrant
    79 | D        | Noticed a meat beast
    79 | D        | Noticed a destroyer
    79 | D        | Killed a destroyer
    80 | D        | Noticed a dread
    82 | D        | Noticed a destroyer
    83 | D        | Killed a meat beast
    83 | D        | Killed a destroyer
    85 | D        | Killed a large bag of meat
    86 | D        | Noticed a meat beast
    86 | D        | Noticed a destroyer
    87 | D        | Noticed a meat beast
    87 | D        | Killed a large bag of meat
    88 | D        | Noticed a destroyer
    88 | D        | Noticed a dread
    90 | D        | Killed a dread
    91 | D        | Noticed a large bag of meat
    91 | D        | Noticed a meat beast
    91 | D        | HP: 11/224 [meat berserker/+9 battleaxe (66)]
    91 | D        | HP: 1/224 [accursed/divine providence (10)]
    92 | D        | Noticed a meat beast
    92 | D        | Noticed a meat beast
    92 | D        | Noticed an accursed
    93 | D        | Noticed a dread
    93 | D        | Noticed a tyrant
    93 | D        | Killed a destroyer
    93 | D        | Killed a meat beast
    94 | D        | Killed a meat beast
    95 | D        | Noticed a large bag of meat
    95 | D        | Killed a large bag of meat
    95 | D        | Killed a meat beast
    95 | D        | Killed a destroyer
    96 | D        | Killed a meat beast
    97 | D        | Killed a meat beast
    98 | D        | Killed a dread
    99 | D        | Killed an accursed
   100 | D        | Noticed a tyrant
   101 | D        | Noticed an accursed
   101 | D        | Noticed a meat beast
   101 | D        | HP: 5/224 [accursed/divine providence (9)]
   103 | D        | Noticed a meat beast
   103 | D        | Killed a destroyer
   104 | D        | Noticed a destroyer
   104 | D        | Noticed a dread
   106 | D        | Noticed a tyrant
   106 | D        | Killed a meat beast
   106 | D        | Killed from afar by a tyrant

Vault maps used:
D:        meatsprint

Skill      XL: |  1  2  3  4  5  6  7  8  9 10 11 12 13 14 15 16 17 18 19 20 21 22 23 |
---------------+----------------------------------------------------------------------+-----
Axes           | 25 27 | 27.0
Fighting       | 14 20 26 27 | 27.0
Dodging        | 18 27 | 27.0
Invocations    | 4 24 27 | 27.0
Evocations     | 27 | 27.0
Stealth        | 12 27 | 27.0
Throwing       | 21 27 | 27.0
Unarmed Combat | 19 27 | 27.0
Spellcasting   | 24 27 | 27.0
Short Blades   | 24 27 | 27.0

Action                   |  1- 3 |  4- 6 |  7- 9 | 10-12 | 13-15 | 16-18 | 19-21 | 22-24 | 25-27 || total
-------------------------+-------+-------+-------+-------+-------+-------+-------+-------+-------++-------
Melee: Executioner's axe |     1 |       |       |     1 |     2 |     8 |     8 |    15 |    48 ||    83
Dodge: Dodged            |       |       |       |       |       |       |       |     1 |     6 ||     7
